 Dungeon Crawl Stone Soup version 0.28-a0-1227-ga9037bb4c8 (webtiles) character file.

Game seed: 14138848400607544190

3 bearlyready the Charlatan (level 1, 0/15 HPs)
             Began as a Demonspawn Artificer on Dec 22, 2021.
             Frozen to death by an endoplasm (5 damage)
             ... on level 1 of the Dungeon.
             The game lasted 00:00:19 (190 turns).

bearlyready the Charlatan (Demonspawn Artificer)     Turns: 190, Time: 00:00:20

Health: 0/15       AC:  3    Str: 12    XL:     1   Next: 41%
Magic:  1/1        EV: 11    Int: 12    God:
Gold:   10         SH:  0    Dex: 13    Spells: 0/0 levels left

rFire   . . .      SeeInvis .   (no weapon)
rCold   . . .      Faith    .   (no shield)
rNeg    . . .      Spirit   .   b - +0 leather armour
rPois   .          Reflect  .   (no helmet)
rElec   .          Harm     .   (no cloak)
rCorr   .          Rampage  .   (no gloves)
Will    .....                   (no boots)
Stlth   +.........              (no amulet)
HPRegen 0.05/turn               (no ring)
MPRegen 0.07/turn               (no ring)

@: no status effects
A: no striking features
a: no special abilities


You were on level 1 of the Dungeon.
You visited 1 branch of the dungeon, and saw 1 of its levels.

You collected 10 gold pieces.

Inventory:

Missiles
 a - 7 poisoned darts
Armour
 b - a +0 leather armour (worn)
Wands
 c - a wand of flame (15) (quivered)
 d - a wand of charming (15)
Miscellaneous
 e - a piece from Xom's chessboard (14/15)


   Skills:
 + Level 1.2 Fighting
 - Level 1.7 Armour
 - Level 0.8 Dodging
 - Level 0.8 Stealth
 + Level 3.1 Evocations


You couldn't memorise any spells.
You didn't know any spells.
Your spell library was empty.

Dungeon Overview and Level Annotations

Branches:
Dungeon (1/15)

Altars:


Message History

You barely miss the giant cockroach. The endoplasm freezes you.
You are frozen.
The giant cockroach bites you but does no damage.
You barely miss the giant cockroach. The endoplasm closely misses you.
The giant cockroach closely misses you.
You hit the giant cockroach.
The giant cockroach is severely wounded.
The endoplasm hits you. The giant cockroach barely misses you.
You hit the giant cockroach but do no damage.
The giant cockroach is severely wounded.
The endoplasm hits you. The giant cockroach barely misses you.
You are too injured to fight recklessly!
You are too injured to fight recklessly!
You are too injured to fight recklessly!
You are too injured to fight recklessly!
You are too injured to fight recklessly!
You are too injured to fight recklessly!
You are too injured to fight recklessly!
You are too injured to fight recklessly!
You are too injured to fight recklessly!
You are too injured to fight recklessly!
You are too injured to fight recklessly!
You are too injured to fight recklessly!
You are too injured to fight recklessly!
You barely miss the giant cockroach.
The giant cockroach is severely wounded.
The giant cockroach bites you. The endoplasm freezes you.
You are frozen.
The giant cockroach barely misses you.
You barely miss the giant cockroach.
The giant cockroach is severely wounded.
The endoplasm barely misses you. The giant cockroach barely misses you.
The giant cockroach bites you but does no damage.
You make a move on Xom's chessboard...
The endoplasm is moving more slowly.
The endoplasm barely misses you.
You hit the endoplasm. The endoplasm freezes you.
You are frozen.
You die...

#..#
##..##.....#
#.##
#...##.....#
'.# #
..#.##.....##
###
#.###.........#
#
#.###.........#
#
#...#.........#
#B..........#
#J#.........#
#@#.........#
#.#.).......#
..#.........#
.###.........
#. ##.####### #
..#


You could see an endoplasm (petrifying) and a giant cockroach.

Vanquished Creatures
  A ball python (D:1)
  An endoplasm (D:1)
  A rat (D:1)
3 creatures vanquished.

Notes
Turn   | Place    | Note
-------+----------+-------------------------------------------
     0 | D:1      | bearlyready the Demonspawn Artificer began the quest for
                  | the Orb.
     0 | D:1      | Reached XP level 1. HP: 15/15 MP: 1/1
   190 | D:1      | Frozen to death by an endoplasm

Illustrated notes

Levels and vault maps discovered:
D:1:      shiori_arrival_maze, layout_rooms, ebering_ecumenical_altar_box,
          nicolae_grassy_gnolls

Action                   || total
-------------------------++-------
Melee: Unarmed           ||    21
Evoke: Piece from Xom's  ||     1
Armor: Leather armour    ||     7
Dodge: Dodged            ||    17

Table legend: (Time is in decaauts)
 A = Elapsed time spent in this place.
 B = Non-inter-level travel time spent in this place.
 C = Inter-level travel time spent in this place.
 D = Time resting spent in this place.
 E = Time spent auto-exploring this place.
 F = Levels seen in this place.
 G = Mean time per level.
                   A        B        C        D        E       F      G
               +--------+--------+--------+--------+--------+-----+--------+
         Total |    190 |    190 |      0 |      0 |    147 |   1 |  190.0 |
       Dungeon |    190 |    190 |      0 |      0 |    147 |   1 |  190.0 |
               +--------+--------+--------+--------+--------+-----+--------+

Top non-repeatable levels by time:
     D:1: 190 daAuts
